 Dungeon Crawl Stone Soup version 0.23.0 (console) character file.

Game seed: 17575213783835672822

66 Garrluk the Magician (level 3, -4/19 HPs)
             Began as a Deep Elf Fire Elementalist on Feb 9, 2019.
             Killed from afar by Ijyb (11 damage)
             ... with a wand of flame (20)
             ... on level 3 of the Dungeon.
             The game lasted 00:03:43 (1485 turns).

Garrluk the Magician (Deep Elf Fire Elementalist)   Turns: 1485, Time: 00:03:44

Health: -4/19      AC:  2    Str:  5    XL:     3   Next: 96%
Magic:  3/10       EV: 13    Int: 20    God:
Gold:   117        SH:  0    Dex: 15    Spells: 5/9 levels left

rFire    . . .     SeeInvis .   f - +0 trident (pierce)
rCold    . . .     Gourm    .   (no shield)
rNeg     . . .     Faith    .   a - +0 robe
rPois    .         Spirit   .   (no helmet)
rElec    .         Reflect  .   (no cloak)
rCorr    .         Harm     .   (no gloves)
MR       .....                  (no boots)
Stlth    ++........             h - amulet of the acrobat
HPRegen  0.06/turn              (no ring)
MPRegen  0.12/turn              (no ring)

@: no status effects
A: no striking features
a: no special abilities


You were on level 3 of the Dungeon.
You were hungry.

You visited 1 branch of the dungeon, and saw 3 of its levels.

You collected 117 gold pieces.

Inventory:

Hand Weapons
 f - a +0 trident of piercing (weapon)
Armour
 a - a +0 robe (worn)
Jewellery
 h - an amulet of the acrobat (around neck)
Scrolls
 b - 5 scrolls of identify {unknown}
 d - 4 scrolls of teleportation {unknown}
 e - a scroll of remove curse {unknown}
 l - a scroll of amnesia {unknown}
Potions
 g - 2 potions of agility {unknown}
 i - a potion of magic {unknown}
 j - a potion of might {unknown}
 k - a potion of ambrosia {unknown}
Comestibles
 c - 6 rations


   Skills:
 - Level 2.4 Dodging
 - Level 2.4 Stealth
 + Level 3.9 Spellcasting
 * Level 3.1 Conjurations
 + Level 3.9 Fire Magic


You had 5 spell levels left.
You knew the following spells:

 Your Spells              Type           Power        Failure   Level  Hunger
a - Flame Tongue          Conj/Fire      ###..        3%          1    None
c - Conjure Flame         Conj/Fire      ###.....     10%         3    ###....

Your spell library contained the following spells:

 Spells                   Type           Power        Failure   Level  Hunger
 Throw Flame              Conj/Fire      ###...       4%          2    ##.....
 Inner Flame              Hex/Fire       ##......     17%         3    ###....
 Sticky Flame             Conj/Fire      ###.....     30%         4    ####...
 Fireball                 Conj/Fire      ###.......   65%         5    ######.


Dungeon Overview and Level Annotations

Branches:
Dungeon (3/15)

Altars:

Annotations:
D:3 Ijyb


Message History

Casting: Flame Tongue (safe; 3% risk of failure)
Confirm with . or Enter, or press ? or * to list all spells.
Aiming: Flame Tongue (safe; 3% risk of failure)
Press: ? - help, Shift-Dir - straight line, f/p - Ijyb
Aim: Ijyb, wielding a +1 dagger of speed, wearing a +0 scale mail and carrying a wand of flame (20) (heavily wounded)
The flame tongue hits Ijyb but does no damage.
Ijyb is heavily wounded.
A quokka comes into view.
Ijyb hits you with a +1 dagger of speed.
The quokka moves out of view.
Casting: Flame Tongue (safe; 3% risk of failure)
Confirm with . or Enter, or press ? or * to list all spells.
Aiming: Flame Tongue (safe; 3% risk of failure)
Press: ? - help, Shift-Dir - straight line, f/p - Ijyb
Aim: Ijyb, wielding a +1 dagger of speed, wearing a +0 scale mail and carrying a wand of flame (20) (heavily wounded)
The flame tongue hits Ijyb.
Ijyb is almost dead.
Ijyb zaps a wand.
The puff of flame hits you!
Ouch! That really hurt!
You die...

############
############...)......#
......g@.....########.##
##.####......# ####....
..........# #......#
..###......# #.##..(#
#......# ##.###.##
###.#..# #.....>##
#.#..# #..##....
#.#..###..##..##
#.#.........#...
.#..........#.
###........#.


You could see Ijyb.

Vanquished Creatures
  A hound zombie (D:3)
  2 adders
  A dart slug (D:1)
  2 leopard geckos
  A giant cockroach (D:2)
  3 goblins
  4 hobgoblins
  3 jackals (D:1)
  A quokka (D:2)
  6 bats
  A frilled lizard (D:2)
  A kobold (D:1)
  A quokka skeleton (D:3)
  2 rats (D:1)
29 creatures vanquished.

Notes
Turn   | Place    | Note
-------+----------+-------------------------------------------
     0 | D:1      | Garrluk the Deep Elf Fire Elementalist began the quest for
                  | the Orb.
     0 | D:1      | Reached XP level 1. HP: 10/10 MP: 6/6
   218 | D:1      | Reached XP level 2. HP: 14/15 MP: 4/8
  1208 | D:2      | Reached XP level 3. HP: 19/19 MP: 8/10
  1213 | D:2      | Learned a level 3 spell: Conjure Flame
  1474 | D:3      | Noticed Ijyb
  1485 | D:3      | Killed from afar by Ijyb

Skill      XL: |  1  2  3 |
---------------+----------+-----
Conjurations   | 2 3 |  3.1
Dodging        | |  2.4
Stealth        | |  2.4
Spellcasting   | |  3.9
Fire Magic     | |  3.9

Action                   || total
-------------------------++-------
Melee: Unarmed           ||     1
       Trident           ||     3
 Cast: Flame Tongue      ||    58
 Stab: Sleeping          ||     1
  Eat: Chunk             ||     1
Armor: Robe              ||     4
Dodge: Dodged            ||    15
